 Dungeon Crawl Stone Soup version 0.29-a0-356-g7bc237e783 (webtiles) character file.

Game seed: 8086141604368103992

275 ryw the Fighter (level 6, -15/112 HPs)
             Began as an Ogre Berserker on Apr 26, 2022.
             Was a Priest of Trog.
             Demolished by an ogre
             ... wielding a +0 giant club
              (27 damage)
             ... on level 4 of the Dungeon.
             The game lasted 00:04:07 (3406 turns).

ryw the Fighter (Ogre Berserker)                    Turns: 3406, Time: 00:04:08

Health: -15/112    AC: -5    Str: 24    XL:     6   Next: 24%
Magic:  6/6        EV: 10    Int:  8    God:    Trog [***...]
Gold:   254        SH:  0    Dex: 14    Spells: 5/5 levels left

rFire   . . .      SeeInvis .   e - +4 short sword
rCold   . . .      Faith    .   (no shield)
rNeg    . . .      Spirit   .   b - +0 animal skin
rPois   .          Reflect  .   (helmet restricted)
rElec   .          Harm     .   (no cloak)
rCorr   .          Rampage  .   (gloves unavailable)
Will    .....                   (boots unavailable)
Stlth   ..........              (no amulet)
HPRegen 0.28/turn               l - +6 ring of dexterity
MPRegen 0.10/turn               (no ring)

@: berserking (expiring), corroded, very quick
A: large, unfitting armour, tough skin 1
a: Renounce Religion, Berserk, Trog's Hand


You were on level 4 of the Dungeon.
You worshipped Trog.
Trog was most pleased with you.
You visited 1 branch of the dungeon, and saw 4 of its levels.

You collected 254 gold pieces.

Inventory:

Hand Weapons
 a - a +0 mace
 e - a +4 short sword (weapon)
Armour
 b - a +0 animal skin (worn)
Jewellery
 f - a ring of flight
 l - a +6 ring of dexterity (left hand)
Scrolls
 g - a scroll of noise {unknown}
 k - 3 scrolls of identify
 m - 3 scrolls of fog
Potions
 c - 2 potions of resistance
 d - 3 potions of mutation {unknown}
 h - a potion of degeneration {unknown}
 j - 2 potions of lignification {unknown}
 n - a potion of haste {unknown}
 o - a potion of cancellation {unknown}


   Skills:
 + Level 9.0 Fighting
 - Level 2.6 Maces & Flails
 - Level 2.6 Dodging


You had 5 spell levels left.
You didn't know any spells.
Your spell library was empty.

Dungeon Overview and Level Annotations

Branches:
Dungeon (4/15)
 Temple: D:4-7

Altars:
Sif Muna


Innate Abilities, Weirdness & Mutations

You are too large for most types of armour.
You have tough skin. (AC +1)


Message History

You throw a poisoned dart. The poisoned dart hits the ogre.
The ogre is poisoned.
Throw: dart (poison)
Press: ? - help, Q - select action, (/) - cycle Shift-Dir - straight line, f/p - ogre
Aim: an ogre, wielding a +0 giant club (lightly wounded, poisoned, 77% to hit)
You throw a poisoned dart. The poisoned dart hits the ogre.
The ogre looks even sicker.
The ogre is lightly wounded.
The ogre barely misses you.
Unknown command.
A red film seems to cover your vision as you go berserk!
You feel yourself moving faster!
You feel mighty!
You barely miss the ogre.
The ogre is moderately wounded.
The ogre hits you with a +0 giant club!
You hit the ogre but do no damage.
The ogre is moderately wounded.
You closely miss the ogre.
The ogre is moderately wounded.
The ogre hits you with a +0 giant club!!
* * * LOW HITPOINT WARNING * * *
You hit the ogre.
The ogre is heavily wounded.
You puncture the ogre!
The ogre is severely wounded.
The ogre hits you with a +0 giant club!!
* * * LOW HITPOINT WARNING * * *
You hit the ogre.
The ogre is severely wounded.
Unknown command.
You hit the ogre.
The ogre is almost dead.
The ogre barely misses you.
You barely miss the ogre.
The ogre is almost dead.
Unknown command.
You completely miss the ogre.
The ogre is almost dead.
The ogre hits you with a +0 giant club!!
You die...

................#
..#####...........#
..#..≈#........##.#####.
..#≈≈.#........##.#....
..#≈bb#..>......#....##
..#####.......#.#......
..............#.....####
........................
................@O(.#
.................>..+
..................###
..............###.#
..............# .#
..................#
.....).......######
.............#
.............#


You could see an ogre (poisoned).

Vanquished Creatures
  A phantom (D:3)
  A scorpion (D:4)
  A jelly (D:4)
  5 adders
  3 worms
  7 endoplasms
  A giant cockroach (D:3)
  7 hobgoblins
  2 quokkas
  9 ball pythons
  3 bats
  3 frilled lizards
  7 goblins
  6 kobolds
  5 rats
61 creatures vanquished.

Vanquished Creatures (others)
  4 fungi (D:4)
4 creatures vanquished.

Grand Total: 65 creatures vanquished

Notes
Turn   | Place    | Note
-------+----------+-------------------------------------------
     0 | D:1      | ryw the Ogre Berserker began the quest for the Orb.
     0 | D:1      | Reached XP level 1. HP: 24/24 MP: 1/1
   313 | D:1      | Reached XP level 2. HP: 29/33 MP: 2/2
   485 | D:1      | Found a faded altar of an unknown god.
   807 | D:2      | Reached skill level 5 in Fighting
   922 | D:2      | Reached ** piety under Trog
  1090 | D:2      | Reached XP level 3. HP: 42/42 MP: 3/3
  1440 | D:2      | Found a shimmering blue altar of Sif Muna.
  1486 | D:2      | Reached skill level 6 in Fighting
  1787 | D:3      | Reached XP level 4. HP: 53/53 MP: 4/4
  2045 | D:3      | Noticed a phantom
  2062 | D:3      | Killed a phantom
  2063 | D:3      | Reached skill level 7 in Fighting
  2063 | D:3      | Reached XP level 5. HP: 42/63 MP: 5/5
  2863 | D:4      | Reached skill level 8 in Fighting
  3099 | D:4      | Reached XP level 6. HP: 14/74 MP: 6/6
  3391 | D:4      | Reached *** piety under Trog
  3392 | D:4      | Reached skill level 9 in Fighting
  3406 | D:4      | Demolished by an ogre

Illustrated notes

Levels and vault maps discovered:
D:1:      nzn_arrival_settlement, layout_loops_ring, basic_ecumenical_altar,
          dreamdust_wishing_well
D:2:      layout_loops_ring, basic_altar
D:3:      layout_basic
D:4:      layout_basic, serial_aquarium, aquarium_bridge_straight
          [aquarium_subvault_bridge, aquarium_subvault_window,
          aquarium_subvault_bridge, aquarium_subvault_wall],
          aquarium_window_fake, aquarium_window_2, aquarium_view_2b,
          aquarium_pool_2

Skill      XL: |  1  2  3  4  5  6 |
---------------+-------------------+-----
Fighting       | 5 6 7 8 9 |  9.0
Maces & Flails | |  2.6
Dodging        | |  2.6

Action                   |  1- 3 |  4- 6 || total
-------------------------+-------+-------++-------
Melee: Short sword       |    86 |    94 ||   180
       Mace              |     1 |       ||     1
       Punch             |       |     1 ||     1
Throw: Dart              |       |     2 ||     2
Invok: Berserk           |       |     2 ||     2
  Use: Scroll            |       |     5 ||     5
 Stab: Sleeping          |     8 |     1 ||     9
Armor: Animal skin       |    25 |    14 ||    39
Dodge: Dodged            |    40 |    32 ||    72

Table legend: (Time is in decaauts)
 A = Elapsed time spent in this place.
 B = Non-inter-level travel time spent in this place.
 C = Inter-level travel time spent in this place.
 D = Time resting spent in this place.
 E = Time spent auto-exploring this place.
 F = Levels seen in this place.
 G = Mean time per level.
                   A        B        C        D        E       F      G
               +--------+--------+--------+--------+--------+-----+--------+
         Total |   3431 |   3349 |     82 |    498 |   2367 |   4 |  857.8 |
       Dungeon |   3431 |   3349 |     82 |    498 |   2367 |   4 |  857.8 |
               +--------+--------+--------+--------+--------+-----+--------+

Top non-repeatable levels by time:
     D:3: 1219 daAuts
     D:2: 872 daAuts
     D:1: 779 daAuts
     D:4: 559 daAuts
